 Dungeon Crawl Stone Soup version 0.31-a0-112-gdf0485fa37 (webtiles) character file.

Game seed: 10318623813957237428

5576 gyole the Skirmisher (level 10, -20/88 HPs)
             Began as a Minotaur Hunter on May 28, 2023.
             Was a Priest of Fedhas.
             Blown up by Urug the eye of devastation (glowing shapeshifter) (35 damage)
             ... with a bolt of energy
             ... on level 10 of the Dungeon.
             The game lasted 00:28:20 (10462 turns).

gyole the Skirmisher (Minotaur Hunter)             Turns: 10462, Time: 00:28:21

Health: -20/88     AC:  7    Str: 15    XL:     10   Next: 44%
Magic:  6/12       EV: 15    Int: 12    God:    Fedhas [***...]
Gold:   538        SH:  5    Dex: 21    Spells: 9/9 levels left

rFire   . . .        b - +3 great sword (freeze)
rCold   . . .        (shield currently unavailable)
rNeg    . . .        C - +0 ring mail of the Kettle-Drum {+Inv rPois Dex+2}
rPois   +            (helmet restricted)
rElec   .            (no cloak)
rCorr   .            (no gloves)
SInv    +            F - +0 pair of boots
Will    .....        G - amulet of reflection
Stlth   +            h - +6 ring of intelligence
HPRegen 0.34/turn    q - ring of see invisible
MPRegen 0.13/turn

%: reflection
@: about to teleport
A: horns 2, retaliatory headbutt
a: Renounce Religion, Evoke Invisibility, Wall of Briars, Grow Ballistomycete


You were on level 10 of the Dungeon.
You worshipped Fedhas.
Fedhas was most pleased with you.
You visited 2 branches of the dungeon, and saw 11 of its levels.
You also visited: Sewer.

You collected 538 gold pieces.

Inventory:

Hand Weapons
 a - a +1 shortbow of flaming
 b - a +3 great sword of freezing (weapon)
 d - a +0 orcbow
Missiles
 f - 25 poisoned darts
Armour
 C - the +0 ring mail of the Kettle-Drum (worn) {+Inv rPois Dex+2}
   (You found it on level 5 of the Dungeon)

   Dex:       It affects your dexterity (+2).
   rPois:     It protects you from poison.
   +Inv:      It lets you turn invisible.
 F - a +0 pair of boots (worn)
Jewellery
 h - a +6 ring of intelligence (left hand)
 q - a ring of see invisible (right hand)
 G - an amulet of reflection (around neck)
Wands
 l - a wand of polymorph (5)
 N - a wand of digging (11)
Scrolls
 c - a scroll of enchant weapon {unknown}
 g - 2 scrolls of vulnerability
 k - 4 scrolls of teleportation
 n - a scroll of acquirement {unknown}
 p - 2 scrolls of magic mapping
 r - 2 scrolls of fog
 u - 2 scrolls of fear
 y - 2 scrolls of silence {unknown}
 D - a scroll of poison {unknown}
 H - a scroll of enchant armour {unknown}
 J - 3 scrolls of immolation
 O - 2 scrolls of torment {unknown}
Potions
 e - 2 potions of brilliance
 m - a potion of ambrosia {unknown}
 s - 2 potions of degeneration {unknown}
 t - 4 potions of curing {unknown}
 v - a potion of cancellation {unknown}
 x - 2 potions of heal wounds {unknown}
 z - a potion of lignification {unknown}


   Skills:
 + Level 8.2 Fighting
 * Level 5.7 Long Blades
 * Level 11.0 Ranged Weapons
 + Level 6.1 Armour
 + Level 7.3 Dodging
 - Level 0.7 Stealth
 + Level 4.9 Invocations


You had 9 spell levels left.
You didn't know any spells.
Your spell library contained the following spells:

 Spells                   Type           Power      Damage    Failure   Level
 Apportation              Tloc           0%         N/A       52%         1
 Freeze                   Ice            0%         1d3       52%         1
 Necrotise                Necr           0%         1d4       52%         1
 Summon Small Mammal      Summ           0%         N/A       52%         1
 Frozen Ramparts          Ice            0%         1d1       87%         3
 Hailstorm                Conj/Ice       0%         3d3       87%         3


Dungeon Overview and Level Annotations

Branches:
Dungeon (10/15)            Temple (1/1) D:5            Lair (0/5) D:9
  Sewer (visited)
    Orc: D:9-12

Altars:
Ashenzari
Cheibriados
Dithmenos
Elyvilon
Fedhas
Gozag
Hepliaklqana
Kikubaaqudgha
Makhleb
Nemelex Xobeh
Okawaru
Ru
Sif Muna
Trog
Uskayaw
Vehumet
Wu Jian
Xom
Yredelemnul
Zin

Annotations:
D:5 2 runed translucent doors, 1 exclusion, Soborki's ghost, novice KoHs
D:6 Dowan
D:7 exclusion: upstairs
D:8 exclusion: hornet
D:10 Urug


Innate Abilities, Weirdness & Mutations

You have a pair of horns on your head.
You reflexively headbutt those who attack you in melee.


Message History

Unknown command.
Okay, then.
Okay, then.
A briar patch grows up from the ground. x2; Urug closely misses you.
You furiously retaliate!
You headbutt Urug! Urug tail-slaps you. Urug closely misses you.
You walk carefully through the plants.
Urug bites you!
* * * LOW HITPOINT WARNING * * *
You block Urug's attack. Urug barely misses you.
A komodo dragon comes into view.
Urug bites you but does no damage. Urug tail-slaps you.
* * * LOW HITPOINT WARNING * * *
Urug barely misses you.
You see here a centaur corpse.
Urug is struck by your briar patch's thorns.
Urug bites your briar patch!! Urug tail-slaps your briar patch.
Your briar patch is destroyed!
Your briar patch disappears in a puff of smoke!
Items here: ! ( ) / [.
Unknown command.
Okay, then.
A briar patch grows up from the ground. x3
Urug the skyshark changes into an eye of devastation!
Unknown command.
Okay, then.
As you read the scroll of teleportation, it crumbles to dust.
You feel strangely unstable.
The komodo dragon bites your briar patch!
Unknown command.
The komodo dragon is struck by your briar patch's thorns.
The komodo dragon bites your briar patch!!
Your briar patch is destroyed!
Your briar patch disappears in a puff of smoke!
Urug gazes at you.
The bolt of energy hits your briar patch!!
Your briar patch is blown up!
Your briar patch disappears in a puff of smoke!
The bolt of energy hits you!!
You die...
Fedhas appreciates your contribution to the ecosystem.

####.#.# #.....#
...... #.....#
##...# #.....# #
#....####.....#
#$#.#...........#
#.....#####.o.<.#
###.>.# #.....#
#.....#####..!..#
#...#l§@P##.....#
#..#####§########
#.. #G# #.. #.P#
#.. ##... ..
##... ..... ....
...


You could see Urug the eye of devastation shaped shifter (ally target) and a
komodo dragon.

Vanquished Creatures
  A two-headed ogre (D:9)
  A wyvern (D:9)
  3 yaks
  2 acid dragons
  A water moccasin (D:7)
  2 orc warriors
  An ice beast (D:8)
  2 sky beasts
  A black bear (D:7)
  2 centaurs
  A phantom (D:3)
  2 kobold brigands (D:9)
  A gnoll sergeant (D:7)
  2 bullfrogs
  A scorpion (D:5)
  22 wights
  14 killer bees
  3 howler monkeys
  5 hounds
  2 jellies
  3 orc priests
  A sleepcap (D:4)
  2 iguanas (D:5)
  7 orc wizards
  Natasha (twice) (D:2)
  13 gnolls
  11 adders
  A worm (D:3)
  3 dart slugs
  24 orcs
  4 endoplasms (D:1)
  3 giant cockroaches
  8 goblins
  6 hobgoblins
  14 kobolds
  2 quokkas
  10 ball pythons
  5 bats
  10 frilled lizards
  5 rats
203 creatures vanquished.

Vanquished Creatures (collateral kills)
  An orc warrior (D:7)
1 creature vanquished.

Grand Total: 204 creatures vanquished

Notes
Turn   | Place    | Note
-------+----------+-------------------------------------------
     0 | D:1      | gyole the Minotaur Hunter began the quest for the Orb.
     0 | D:1      | Reached XP level 1. HP: 18/18 MP: 0/0
   218 | D:1      | Reached XP level 2. HP: 13/25 MP: 1/1
   670 | D:2      | Noticed Natasha
   675 | D:2      | Killed Natasha
   676 | D:2      | Reached skill level 5 in Ranged Weapons
   676 | D:2      | Reached XP level 3. HP: 24/31 MP: 2/2
   845 | D:3      | Found a broken altar of Ashenzari.
   997 | D:3      | Reached XP level 4. HP: 38/38 MP: 3/3
  1088 | D:3      | Found a glowing drain.
  1092 | Sewer    | Entered a sewer
  1370 | Sewer    | Reached XP level 5. HP: 43/46 MP: 4/4
  1592 | D:3      | Reached skill level 6 in Ranged Weapons
  2523 | D:4      | Reached XP level 6. HP: 52/52 MP: 5/5
  3090 | D:5      | Entered Level 5 of the Dungeon
  3112 | D:5      | Reached skill level 7 in Ranged Weapons
  3173 | D:5      | Found a runed translucent door.
  3395 | D:5      | Identified the +0 ring mail of the Kettle-Drum {+Inv rPois
                  | Dex+2}
  3442 | D:4      | Reached skill level 5 in Fighting
  3442 | D:4      | Reached XP level 7. HP: 55/61 MP: 6/6
  3549 | D:5      | Found a staircase to the Ecumenical Temple.
  3555 | Temple   | Entered the Ecumenical Temple
  3689 | Temple   | Became a worshipper of Fedhas Madash
  3805 | D:5      | Found a runed translucent door.
  3815 | D:5      | Noticed Soborki's ghost (novice KoHs)
  3998 | D:5      | Reached skill level 1 in Armour
  4423 | D:2      | Noticed Natasha
  4430 | D:2      | Killed Natasha
  5301 | D:6      | Noticed Dowan
  5370 | D:6      | Reached skill level 1 in Invocations
  5601 | D:5      | Reached skill level 5 in Dodging
  5672 | D:6      | Noticed a yak
  5672 | D:6      | Noticed a troll
  5846 | D:7      | Reached skill level 8 in Ranged Weapons
  5890 | D:7      | Reached XP level 8. HP: 11/70 MP: 8/8
  6346 | D:7      | Reached * piety under Fedhas
  6647 | D:7      | Reached skill level 9 in Ranged Weapons
  6989 | D:7      | Reached skill level 1 in Long Blades
  7040 | D:7      | Reached XP level 9. HP: 76/78 MP: 10/10
  8304 | D:8      | Reached ** piety under Fedhas
  8408 | D:8      | Found a shimmering altar of Xom.
  8409 | D:8      | Found a hazy altar of Hepliaklqana.
  8409 | D:8      | Noticed a troll
  8410 | D:8      | Noticed a spectral ugly thing
  8511 | D:8      | Reached skill level 10 in Ranged Weapons
  8511 | D:8      | Reached skill level 5 in Armour
  9261 | D:9      | Found a staircase to the Lair.
  9327 | D:9      | Reached XP level 10. HP: 54/85 MP: 12/12
  9467 | D:9      | Noticed a two-headed ogre
  9480 | D:9      | Killed a two-headed ogre
  9489 | D:9      | Reached skill level 5 in Long Blades
  9836 | D:9      | Reached *** piety under Fedhas
 10144 | D:9      | Found an ancient bone altar of Kikubaaqudgha.
 10144 | D:9      | Found a sacrificial altar of Ru.
 10294 | D:10     | Entered Level 10 of the Dungeon
 10294 | D:10     | Noticed Urug
 10387 | D:10     | Reached skill level 11 in Ranged Weapons
 10412 | D:10     | Urug changed into Urug the glowing shapeshifter
 10412 | D:10     | Noticed Urug
 10413 | D:10     | Urug the glowing shapeshifter changed into Urug the
                  | skyshark
 10413 | D:10     | Noticed Urug (glowing shapeshifter)
 10460 | D:10     | Urug the skyshark changed into Urug the eye of devastation
 10460 | D:10     | Noticed Urug (glowing shapeshifter)
 10462 | D:10     | Blown up by Urug the eye of devastation (glowing
                  | shapeshifter)

Illustrated notes

Levels and vault maps discovered:
D:1:      dpeg_arrival_stone_temple_mockup, layout_basic, serial_bayou_lake_a
D:2:      layout_loops_ring, uniq_natasha
D:3:      layout_loops_corners, evilmike_ruin_ashenzari, gup_sewer_entry_bowl,
          chequers_serial_rivers_micro_a
D:4:      layout_cave_pools, eino_tiny_chamber, dreamdust_gnoll_farm
D:5:      layout_basic, minmay_temple_entry_enclosed_plants,
          ebering_ghost_sewer_f, due_unseen_surprise
D:6:      kennysheep_big_flooded_room, layout_basic, kennysheep_little_box,
          uniq_blork_the_orc, uniq_duvessa
D:7:      layout_loops_ring
D:8:      layout_cave_pods, regret_index_temple_of_mockery
D:9:      layout_roguey, mainiacjoe_overflow_divided_tiny, lair_entry_dummy
D:10:     layout_rooms, tso_oasis_becter, uniq_urug
Temple:   nicolae_temple_superstar

Skill      XL: |  1  2  3  4  5  6  7  8  9 10 |
---------------+-------------------------------+-----
Fighting       | 3 4 5 6 7 8 |  8.2
Ranged Weapons | 5 6 7 8 9 10 11 | 11.0
Dodging        | 3 4 5 6 7 |  7.3
Armour         | 2 4 5 6 |  6.1
Invocations    | 1 3 4 |  4.9
Long Blades    | 1 4 5 |  5.7
Stealth        | |  0.7

Action                     |  1- 3 |  4- 6 |  7- 9 | 10-12 || total
---------------------------+-------+-------+-------+-------++-------
  Melee: Great sword       |       |       |    18 |    27 ||    45
         Headbutt          |       |       |     2 |     8 ||    10
   Fire: Shortbow          |    66 |   196 |   504 |    44 ||   810
         Orcbow            |       |       |       |     1 ||     1
 Invoke: Wall of Briars    |       |       |       |     2 ||     2
  Evoke: Wand              |       |       |       |     2 ||     2
    Use: Scroll            |       |     7 |     4 |     1 ||    12
 Armour: Leather armour    |     3 |    14 |       |       ||    17
         Ring mail         |       |       |    62 |     8 ||    70
  Dodge: Dodged            |    24 |    64 |   191 |    47 ||   326
  Block: Other             |       |       |    48 |     8 ||    56
         Reflection        |       |       |     1 |       ||     1

Table legend: (Time is in decaauts)
 A = Elapsed time spent in this place.
 B = Non-inter-level travel time spent in this place.
 C = Inter-level travel time spent in this place.
 D = Time resting spent in this place.
 E = Time spent auto-exploring this place.
 F = Levels seen in this place.
 G = Mean time per level.
                   A        B        C        D        E       F      G
               +--------+--------+--------+--------+--------+-----+--------+
         Total |  10625 |   9709 |    916 |   2055 |   4978 |  12 |  885.4 |
       Dungeon |  10003 |   9113 |    890 |   1948 |   4730 |  10 | 1000.3 |
        Temple |    141 |    115 |     26 |      0 |    100 |   1 |  141.0 |
         Sewer |    480 |    480 |      0 |    107 |    148 |   1 |  480.0 |
               +--------+--------+--------+--------+--------+-----+--------+

Top non-repeatable levels by time:
     D:7: 1909 daAuts
     D:8: 1496 daAuts
     D:5: 1372 daAuts
     D:3: 1344 daAuts
     D:9: 1196 daAuts
     D:2: 1025 daAuts
     D:4: 710 daAuts
     D:1: 690 daAuts
   Sewer: 480 daAuts
     D:6: 205 daAuts
  Temple: 141 daAuts
    D:10: 52 daAuts
